 Dungeon Crawl Stone Soup version 0.29-a0-617-g7a6b98fccd (webtiles) character file.

Game seed: 2774837778227141319

37 xian the Ruffian (level 3, -1/20 HPs)
             Began as a Gargoyle Transmuter on June 18, 2022.
             Slain by Sigmund
             ... wielding a +8 scythe of pain
              (5 damage)
             ... on level 2 of the Dungeon.
             The game lasted 00:05:20 (1563 turns).

xian the Ruffian (Gargoyle Transmuter)              Turns: 1563, Time: 00:05:20

Health: -1/20      AC:  6    Str: 13    XL:     3   Next: 39%
Magic:  3/6        EV: 11    Int: 15    God:
Gold:   101        SH:  0    Dex: 10    Spells: 3/6 levels left

rFire   . . .      SeeInvis .     - Unarmed
rCold   . . .      Faith    .   (no shield)
rNeg    + . .      Spirit   .   g - +0 leather armour
rPois   ∞          Reflect  .   (helmet currently unavailable)
rElec   +          Harm     .   (no cloak)
rCorr   .          Rampage  .   (no gloves)
Will    +....                   (boots currently unavailable)
Stlth   +.........              (no amulet)
HPRegen 0.06/turn               f - ring of willpower
MPRegen 0.10/turn               h - ring of wizardry

@: appendages, wereblooded
A: horns 2, talons 2, sickness immunity, AC +3, negative energy resistance 1,
electricity resistance, torment resistance 1, petrification resistance
a: End Transformation


You were on level 2 of the Dungeon.
You had temporarily grown beastly horns and talons.
You visited 1 branch of the dungeon, and saw 2 of its levels.

You collected 101 gold pieces.

Inventory:

Armour
 g - a +0 leather armour (worn)
Jewellery
 f - a ring of willpower (left hand)
 h - a ring of wizardry (right hand)
Scrolls
 e - a scroll of identify {unknown}
Potions
 a - a potion of invisibility {unknown}
 b - a potion of lignification
 c - 2 potions of curing {unknown}
 d - a potion of magic {unknown}


   Skills:
 + Level 1.1 Fighting
 + Level 1.9 Dodging
 + Level 0.1 Stealth
 + Level 3.6 Unarmed Combat
 + Level 2.2 Spellcasting
 + Level 2.1 Transmutations


You had 3 spell levels left.
You knew the following spells:

 Your Spells              Type           Power      Damage    Failure   Level
a - Beastly Appendage     Tmut           14%        N/A       4%          1
b - Wereblood             Tmut           7%         N/A       8%          2

Your spell library contained the following spells:

 Spells                   Type           Power      Damage    Failure   Level
 Spider Form              Tmut/Pois      4%         N/A       21%         3
 Ice Form                 Ice/Tmut       4%         N/A       54%         4
 Summon Forest            Summ/Tloc      0%         N/A       95%         5
 Eringya's Noxious Bog    Tmut/Pois      2%         N/A       100%        6
 Summon Hydra             Summ           0%         N/A       100%        7


Dungeon Overview and Level Annotations

Branches:
Dungeon (2/15)

Altars:

Shops:
D:1 :

Annotations:
D:2 Sigmund


Innate Abilities, Weirdness & Mutations

You have temporarily grown beastly horns and talons.
You are immune to sickness and miasma.
Your stone body is resilient. (AC +3)
You are immune to poison.
You resist negative energy. (rN+)
You are resistant to electric shocks. (rElec)
You are resistant to unholy torment.
You are immune to petrification.


Message History

Sigmund hits you but does no damage.
You hit Sigmund. You claw Sigmund.
Sigmund is moderately wounded.
Sigmund barely misses you.
You hit Sigmund. Your kick misses Sigmund.
Sigmund is moderately wounded.
You barely miss Sigmund. Your headbutt misses Sigmund.
Sigmund is moderately wounded.
Sigmund barely misses you.
You barely miss Sigmund.
Sigmund is moderately wounded.
Sigmund closely misses you.
You completely miss Sigmund.
Sigmund is moderately wounded.
You closely miss Sigmund. Your kick misses Sigmund.
Sigmund is moderately wounded.
Sigmund hits you with a +8 scythe of pain.
* * * LOW HITPOINT WARNING * * *
You hit Sigmund but do no damage. You claw Sigmund.
Sigmund is heavily wounded.
You barely miss Sigmund.
Sigmund is heavily wounded.
Your horns disappear.
Your talons disappear.
Sigmund barely misses you.
You hit Sigmund but do no damage.
Sigmund is heavily wounded.
Sigmund gestures at you while chanting. The puff of flame misses you.
You are too injured to fight recklessly!
Casting: Wereblood (safe; 8% risk of failure)
Confirm with . or Enter, or press ? or * to list all spells.
You grow a pair of large bovine horns.
Your feet morph into talons.
Sigmund hits you with a +8 scythe of pain.
* * * LOW HITPOINT WARNING * * *
You hit Sigmund. Your headbutt misses Sigmund.
Sigmund is heavily wounded.
You closely miss Sigmund. You claw Sigmund.
Sigmund is heavily wounded.
Sigmund hits you with a +8 scythe of pain.
You die...

##..........+
#<..........#
#...........#
...........#
#######..........#
......+..........#
##### #..........####
#######.........@...#
......'..#.....#.@#...#
#######..#†....#..# .#
##.##...##.##
#..#...#).# #..##.##.##
#...#.# . #...###.#
#...


You could see Sigmund.

Vanquished Creatures
  2 adders (D:2)
  3 ball pythons
  2 bats (D:1)
  An endoplasm (D:1)
  A giant cockroach (D:1)
  A goblin (D:1)
  A hobgoblin (D:1)
  A quokka (D:1)
  4 frilled lizards
  3 kobolds (D:1)
  A rat (D:1)
20 creatures vanquished.

Notes
Turn   | Place    | Note
-------+----------+-------------------------------------------
     0 | D:1      | xian the Gargoyle Transmuter began the quest for the Orb.
     0 | D:1      | Reached XP level 1. HP: 12/12 MP: 3/3
   415 | D:1      | Reached XP level 2. HP: 14/16 MP: 5/5
   470 | D:1      | Learned a level 2 spell: Wereblood
   493 | D:1      | Found Ronano's Book Shoppe.
  1307 | D:2      | Reached XP level 3. HP: 16/20 MP: 4/6
  1427 | D:2      | Found a faded altar of an unknown god.
  1547 | D:2      | Noticed Sigmund
  1563 | D:2      | Slain by Sigmund

Illustrated notes

Levels and vault maps discovered:
D:1:      shiori_arrival_oz, layout_loops_ring, serial_shops,
          nicolae_square_shop, minmay_misc_feat_secret_circle
D:2:      layout_basic, dreamdust_ecumenical_altar_statues, minmay_unequal,
          uniq_robin, uniq_sigmund

Skill      XL: |  1  2  3 |
---------------+----------+-----
Transmutations | 2 |  2.1
Fighting       | |  1.1
Dodging        | |  1.9
Stealth        | |  0.1
Unarmed Combat | |  3.6
Spellcasting   | |  2.2

Action                   || total
-------------------------++-------
Melee: Unarmed           ||    65
       Kick              ||    14
       Headbutt          ||     4
 Cast: Beastly Appendage ||    13
       Wereblood         ||     1
  Use: Scroll            ||     1
Armor: Robe              ||    10
       Leather armour    ||     3
Dodge: Dodged            ||    43

Table legend: (Time is in decaauts)
 A = Elapsed time spent in this place.
 B = Non-inter-level travel time spent in this place.
 C = Inter-level travel time spent in this place.
 D = Time resting spent in this place.
 E = Time spent auto-exploring this place.
 F = Levels seen in this place.
 G = Mean time per level.
                   A        B        C        D        E       F      G
               +--------+--------+--------+--------+--------+-----+--------+
         Total |   1557 |   1547 |     10 |      0 |   1194 |   2 |  778.5 |
       Dungeon |   1557 |   1547 |     10 |      0 |   1194 |   2 |  778.5 |
               +--------+--------+--------+--------+--------+-----+--------+

Top non-repeatable levels by time:
     D:1: 1297 daAuts
     D:2: 260 daAuts
